General information
- name: BNet
- type: Ladder team game (AT/RT)
- host: Battle.net
- saver: GUARDIAN-EVER
map: Battleground
- players: 8
- length: 26:37
- speed: Fast
- version: 1.26 W3XP
- replay type: Public
» download(152 KB)
Players
team 1 (loser)
GardenOfWar (
blue | 34 APM | 723 actions | 21:02)
5 Archmage
3 Summon Water Elemental
2 Brilliance Aura
3 Paladin
2 Holy Light
1 Divine Shield
» actions
| Assign group hotkey | 9 | |
| Basic commands | 17 | |
| Build / train | 53 | |
| Enter build submenu | 21 | |
| Enter hero's abilities submenu | 8 | |
| Give item / drop item | 5 | |
| Remove unit from queue | 2 | |
| Right click | 270 | |
| Select / deselect | 241 | |
| Select group hotkey | 42 | |
| Use ability | 54 | |
723 total
» units
| Peasant | 11 | |
| Rifleman | 12 | |
| Forest Troll Shadow Priest | 1 | |
24 total
» upgrades
| Gunpowder | 3 | |
| Armor | 3 | |
| Long Rifles | 1 | |
| Sorceress Training | 1 | |
8 total
» buildings
| Altar of Kings | 1 | |
| Farm | 11 | |
| Barracks | 1 | |
| Blacksmith | 1 | |
| Scout Tower | 1 | |
| Arcane Tower | 1 | |
| Lumber Mill | 2 | |
| Keep | 1 | |
| Castle | 1 | |
| Workshop | 1 | |
| Arcane Sanctum | 2 | |
23 total
» build order
00:12 Altar of Kings
00:22 Farm
00:52 Barracks
01:40 Blacksmith
01:55 Farm
02:18 Scout Tower
02:40 Farm
03:07 Arcane Tower
03:12 Farm
05:02 Farm
05:45 Farm
05:58 Lumber Mill
06:27 Farm
06:35 Keep
07:14 Farm
07:58 Farm
11:22 Castle
11:26 Farm
12:19 Workshop
13:29 Arcane Sanctum
14:55 Lumber Mill
16:10 Arcane Sanctum
18:29 Farm
» items
| Boots of Speed | 1 | |
| Periapt of Vitality | 5 | |
6 total

»
GUARDIAN-EVER (
pink | 58 APM | 1554 actions | 26:37)
7 Blood Mage
3 Flame Strike
3 Siphon Mana
1 Summon Phoenix
» actions
| Assign group hotkey | 92 | |
| Basic commands | 63 | |
| Build / train | 62 | |
| Enter build submenu | 20 | |
| Enter hero's abilities submenu | 7 | |
| Give item / drop item | 5 | |
| Right click | 546 | |
| Select / deselect | 193 | |
| Select group hotkey | 490 | |
| Use ability | 76 | |
1554 total
» units
» upgrades
| Gunpowder | 3 | |
| Armor | 2 | |
| Masonry | 1 | |
| Long Rifles | 1 | |
| Sorceress Training | 2 | |
| Lumber Harvesting | 1 | |
10 total
» buildings
| Altar of Kings | 1 | |
| Farm | 10 | |
| Blacksmith | 1 | |
| Barracks | 4 | |
| Scout Tower | 4 | |
| Arcane Tower | 1 | |
| Arcane Vault | 1 | |
| Keep | 2 | |
| Lumber Mill | 1 | |
| Castle | 1 | |
| Arcane Sanctum | 3 | |
| Town Hall | 1 | |
| Guard Tower | 2 | |
32 total
» build order
00:10 Altar of Kings
00:21 Farm
01:09 Blacksmith
01:33 Farm
01:38 Barracks
01:53 Scout Tower
02:10 Barracks
02:25 Farm
02:40 Arcane Tower
03:02 Farm
03:29 Arcane Vault
04:36 Farm
06:24 Keep
06:24 Keep
06:26 Farm
06:57 Lumber Mill
09:07 Castle
09:12 Arcane Sanctum
09:13 Arcane Sanctum
10:05 Arcane Sanctum
13:48 Farm
13:48 Farm
13:49 Farm
13:49 Farm
15:27 Town Hall
15:29 Scout Tower
15:30 Scout Tower
15:30 Scout Tower
16:10 Guard Tower
19:30 Barracks
19:34 Barracks
» items
| Scroll of Regeneration | 4 | |
| Staff of Teleportation | 1 | |
| Potion of Lesser Invulnerability | 1 | |
| Boots of Speed | 1 | |
| Lesser Clarity Potion | 2 | |
| Scroll of Town Portal | 4 | |
| Potion of Mana | 1 | |
14 total
Roll-Craft (
yellow | 56 APM | 1503 actions | 26:37)
4 Paladin
2 Holy Light
2 Divine Shield
» actions
| Assign group hotkey | 20 | |
| Build / train | 54 | |
| Enter build submenu | 14 | |
| Enter hero's abilities submenu | 4 | |
| Right click | 739 | |
| Select / deselect | 269 | |
| Select group hotkey | 363 | |
| Use ability | 40 | |
1503 total
» units
| Peasant | 11 | |
| Rifleman | 16 | |
| Flying Machine | 1 | |
| Mortar Team | 6 | |
34 total
» upgrades
| Armor | 2 | |
| Gunpowder | 3 | |
| Lumber Harvesting | 1 | |
| Long Rifles | 1 | |
| Priest Training | 1 | |
| Sorceress Training | 1 | |
9 total
» buildings
| Altar of Kings | 1 | |
| Farm | 15 | |
| Lumber Mill | 1 | |
| Blacksmith | 1 | |
| Barracks | 2 | |
| Arcane Vault | 1 | |
| Keep | 1 | |
| Arcane Sanctum | 2 | |
| Castle | 2 | |
| Workshop | 2 | |
28 total
» build order
00:28 Altar of Kings
00:42 Farm
01:07 Lumber Mill
01:41 Blacksmith
02:04 Farm
02:25 Barracks
03:03 Farm
03:43 Barracks
04:12 Farm
04:14 Farm
04:16 Farm
04:17 Farm
04:21 Farm
04:23 Farm
04:24 Farm
04:28 Farm
06:05 Arcane Vault
06:17 Keep
08:48 Arcane Sanctum
08:53 Arcane Sanctum
13:15 Castle
14:07 Workshop
14:08 Workshop
16:53 Farm
16:54 Farm
16:54 Farm
16:57 Farm
19:28 Castle
tyton (
teal | 44 APM | 1161 actions | 26:33)
4 Blademaster
2 Wind Walk
1 Critical Strike
1 Mirror Image
» actions
| Assign group hotkey | 9 | |
| Basic commands | 2 | |
| Build / train | 48 | |
| Enter build submenu | 22 | |
| Enter hero's abilities submenu | 4 | |
| Give item / drop item | 3 | |
| Remove unit from queue | 1 | |
| Right click | 749 | |
| Select / deselect | 244 | |
| Select group hotkey | 33 | |
| Use ability | 46 | |
1161 total
» units
» upgrades
| Backpack | 1 | |
| Pillage | 1 | |
| Ensnare | 1 | |
| Melee Weapons | 1 | |
4 total
» buildings
| Altar of Storms | 1 | |
| Orc Burrow | 9 | |
| Barracks | 2 | |
| Voodoo Lounge | 1 | |
| War Mill | 1 | |
| Stronghold | 1 | |
| Beastiary | 2 | |
| Fortress | 1 | |
| Watch Tower | 1 | |
| Great Hall | 2 | |
| Town Hall | 1 | |
22 total
» build order
00:04 Altar of Storms
00:07 Orc Burrow
00:39 Barracks
01:28 Voodoo Lounge
02:23 Orc Burrow
03:52 War Mill
04:25 Barracks
05:28 Orc Burrow
05:29 Orc Burrow
05:59 Stronghold
08:18 Orc Burrow
08:25 Beastiary
09:12 Beastiary
10:39 Orc Burrow
10:41 Fortress
11:29 Orc Burrow
14:32 Orc Burrow
14:36 Orc Burrow
15:28 Watch Tower
23:13 Great Hall
25:40 Town Hall
26:02 Great Hall
» items
| Healing Salve | 1 | |
| Lesser Clarity Potion | 1 | |
| Tiny Great Hall | 1 | |
| Orb of Lightning | 1 | |
| Scroll of Speed | 1 | |
5 total
team 2 (winner)
holy_SH1T_u_sux (
purple | 66 APM | 1758 actions | 26:37)
6 Demon Hunter
1 Immolation
3 Mana Burn
1 Evasion
1 Metamorphosis
4 Keeper of the Grove
2 Entangling Roots
1 Force of Nature
1 Thorns Aura
» actions
| Assign group hotkey | 38 | |
| Basic commands | 11 | |
| Build / train | 57 | |
| Enter build submenu | 16 | |
| Enter hero's abilities submenu | 10 | |
| Give item / drop item | 8 | |
| Right click | 636 | |
| Select / deselect | 198 | |
| Select group hotkey | 691 | |
| Use ability | 93 | |
1758 total
» units
| Wisp | 11 | |
| Archer | 10 | |
| Hippogryph | 10 | |
31 total
» upgrades
| Strength of the Moon | 1 | |
| Improved Bows | 1 | |
| Moon Armor | 1 | |
| Hippogryph Taming | 1 | |
| Strength of the Wild | 1 | |
5 total
» buildings
| Altar of Elders | 1 | |
| Moon Well | 9 | |
| Ancient of War | 2 | |
| Ancient of Wonders | 1 | |
| Tree of Ages | 1 | |
| Hunter's Hall | 1 | |
| Ancient of Wind | 2 | |
17 total
» build order
00:11 Altar of Elders
00:24 Moon Well
01:18 Ancient of War
01:30 Moon Well
01:48 Ancient of War
02:23 Moon Well
03:21 Ancient of Wonders
04:31 Tree of Ages
05:37 Moon Well
05:48 Hunter's Hall
05:53 Moon Well
06:37 Moon Well
06:51 Moon Well
06:54 Ancient of Wind
06:59 Ancient of Wind
07:35 Moon Well
09:01 Moon Well
» items
| Dust of Appearance | 1 | |
| Potion of Healing | 3 | |
| Scroll of Town Portal | 3 | |
7 total
orcmeoff26 (
red | 38 APM | 1001 actions | 26:37)
3 Demon Hunter
1 Immolation
1 Mana Burn
1 Evasion
3 Priestess of the Moon
1 Scout
1 Trueshot Aura
1 Searing Arrows
» actions
| Assign group hotkey | 21 | |
| Basic commands | 27 | |
| Build / train | 68 | |
| Enter build submenu | 21 | |
| Enter hero's abilities submenu | 7 | |
| Remove unit from queue | 1 | |
| Right click | 428 | |
| Select / deselect | 262 | |
| Select group hotkey | 89 | |
| Use ability | 77 | |
1001 total
» units
| Wisp | 21 | |
| Archer | 2 | |
| Huntress | 6 | |
| Druid of the Claw | 17 | |
46 total
» upgrades
| Druid of the Claw Training | 2 | |
| Abolish Magic | 1 | |
| Mark of the Claw | 1 | |
| Well Spring | 1 | |
| Reinforced Hides | 1 | |
| Strength of the Wild | 1 | |
7 total
» buildings
| Altar of Elders | 1 | |
| Moon Well | 7 | |
| Ancient of War | 1 | |
| Ancient of Wonders | 1 | |
| Hunter's Hall | 1 | |
| Ancient Protector | 7 | |
| Tree of Ages | 1 | |
| Tree of Eternity | 1 | |
| Ancient of Lore | 2 | |
22 total
» build order
00:18 Altar of Elders
00:22 Moon Well
00:54 Moon Well
01:21 Ancient of War
01:54 Ancient of Wonders
02:51 Hunter's Hall
04:03 Ancient Protector
04:42 Moon Well
05:41 Moon Well
05:53 Tree of Ages
06:03 Moon Well
06:48 Ancient Protector
06:56 Ancient Protector
08:15 Tree of Eternity
08:21 Ancient of Lore
08:28 Ancient of Lore
14:55 Ancient Protector
16:42 Ancient Protector
16:47 Ancient Protector
17:20 Ancient Protector
17:27 Moon Well
18:40 Moon Well
» items
| Dust of Appearance | 1 | |
| Scroll of Town Portal | 2 | |
| Orb of Venom | 1 | |
4 total
SATAN_NVR_BOW (
orange | 22 APM | 582 actions | 26:37)
2 Blademaster
1 Wind Walk
1 Critical Strike
3 Tauren Chieftain
2 Endurance Aura
1 Shockwave
3 Shadow Hunter
2 Healing Wave
1 Hex
» actions
| Assign group hotkey | 6 | |
| Build / train | 62 | |
| Enter build submenu | 23 | |
| Enter hero's abilities submenu | 8 | |
| Give item / drop item | 6 | |
| Right click | 229 | |
| Select / deselect | 196 | |
| Select group hotkey | 14 | |
| Use ability | 38 | |
582 total
» units
| Peon | 9 | |
| Grunt | 6 | |
| Shaman | 7 | |
| Tauren | 5 | |
27 total
» upgrades
| Melee Weapons | 3 | |
| Spiked Barricades | 2 | |
| Shaman Training | 2 | |
| Armor | 2 | |
| Pulverize | 1 | |
10 total
» buildings
| Altar of Storms | 1 | |
| Orc Burrow | 9 | |
| War Mill | 2 | |
| Barracks | 1 | |
| Voodoo Lounge | 1 | |
| Watch Tower | 3 | |
| Stronghold | 2 | |
| Spirit Lodge | 2 | |
| Fortress | 1 | |
| Tauren Totem | 2 | |
24 total
» build order
00:32 Altar of Storms
00:47 Orc Burrow
01:13 War Mill
01:22 Barracks
02:12 Voodoo Lounge
02:36 Orc Burrow
03:49 Watch Tower
03:56 Watch Tower
04:30 Orc Burrow
04:40 Stronghold
04:40 Stronghold
05:18 Orc Burrow
05:27 Watch Tower
07:48 Spirit Lodge
08:06 Fortress
08:15 Orc Burrow
09:09 Spirit Lodge
10:40 War Mill
10:50 Tauren Totem
12:34 Tauren Totem
13:44 Orc Burrow
15:31 Orc Burrow
16:20 Orc Burrow
16:40 Orc Burrow
» items
| Potion of Healing | 1 | |
| Healing Salve | 1 | |
| Scroll of Protection | 1 | |
| Scroll of Town Portal | 1 | |
| Scroll of Healing | 1 | |
| Potion of Lesser Invulnerability | 1 | |
6 total
ev_sprox (
green | 19 APM | 323 actions | 16:55)
2 Blademaster
1 Mirror Image
1 Wind Walk
» actions
| Basic commands | 1 | |
| Build / train | 36 | |
| Enter build submenu | 18 | |
| Enter hero's abilities submenu | 2 | |
| Right click | 86 | |
| Select / deselect | 151 | |
| Use ability | 29 | |
323 total
» units
| Peon | 6 | |
| Grunt | 9 | |
| Raider | 5 | |
| Wind Rider | 4 | |
| Demolisher | 1 | |
| Troll Headhunter/Berserker | 6 | |
31 total
» upgrades
» buildings
| Orc Burrow | 4 | |
| Barracks | 1 | |
| Altar of Storms | 2 | |
| War Mill | 1 | |
| Voodoo Lounge | 1 | |
| Stronghold | 1 | |
| Beastiary | 2 | |
12 total
» build order
01:14 Orc Burrow
01:45 Barracks
02:22 Orc Burrow
02:49 Altar of Storms
02:57 Orc Burrow
03:52 War Mill
04:04 Orc Burrow
05:56 Altar of Storms
07:02 Voodoo Lounge
07:19 Stronghold
09:48 Beastiary
11:19 Beastiary
Chat log
(00:17 / Allies) tyton: plan?
(00:24 / Allies) Roll-Craft: rush and rifles priests
(00:34 / Allies) tyton: kk
(00:47 / Allies) tyton: il bm harrass
(04:39 / Allies) tyton: rdy?
(05:04 / Allies) tyton: ?
(05:43 / Allies) Roll-Craft: thx guys
(06:55 / Allies) tyton: so much for rush lol
(08:47 / All) holy_SH1T_u_sux: )
(12:43 / All) tyton: o god u guys suck
(13:02 / All) holy_SH1T_u_sux: what happen bm?
(13:10 / All) tyton: lol its not all about hero purple;)
(13:16 / All) GardenOfWar: i dident lose a single guy
(14:14 / All) tyton: LOL purple
(15:30 / Allies) tyton: pink no
(15:31 / Allies) tyton: PINK
(15:34 / Allies) tyton: go here
(15:43 / Allies) tyton: i had this man why do u think im making burrows
(15:49 / Allies) tyton: fucking retard
(15:51 / Allies) GUARDIAN-EVER: for my protection
(15:55 / Allies) tyton: ass hole
(15:58 / Allies) GUARDIAN-EVER: you aim to please me
(16:13 / Allies) tyton: not quite
(16:24 / Allies) tyton: bastard
(16:36 / Allies) GUARDIAN-EVER: choose your words carefull scum
(16:48 / Allies) tyton: lol im not scum u are
(16:59 / Allies) GUARDIAN-EVER: apologize
(17:01 / Allies) tyton: u clearly knew i was going there
(17:04 / Allies) tyton: LMFAO
(17:12 / Allies) tyton: stop attacking me...
(17:45 / Allies) tyton: fuck outta here
(18:03 / All) tyton: lol pink is tking me
(18:15 / Allies) GUARDIAN-EVER: wood plz
(18:15 / All) holy_SH1T_u_sux: need help pink?
(18:19 / All) holy_SH1T_u_sux: )
(18:37 / Allies) tyton: your a faggot pink
(18:39 / All) GUARDIAN-EVER: LOL
(18:47 / All) GUARDIAN-EVER: u should not be arrogant to your liege lord, teal
(18:49 / All) GUARDIAN-EVER: i am your liege lord
(18:58 / All) tyton: get over yourself
(19:03 / All) holy_SH1T_u_sux: yes my lord
(19:18 / All) GUARDIAN-EVER: i cant take blue probably i can take teal easily
(19:37 / Allies) GardenOfWar: guys lets finish this
(19:49 / Allies) tyton: woulda alrdy been over if pink didnt team kill lol
(19:52 / Allies) GardenOfWar: they actually have a big army
(19:59 / Allies) tyton: if we loose you can blame pink
(20:14 / All) GUARDIAN-EVER: im raping teals base lol
(20:41 / Allies) tyton: ur so cool pink
(20:47 / All) GUARDIAN-EVER: yes i am so cool
(20:56 / Allies) tyton: fucking faggot
(20:58 / Allies) tyton: get a life
(21:00 / All) GUARDIAN-EVER: your liegelord
(21:03 / All) GUARDIAN-EVER: never question him
(21:09 / All) GUARDIAN-EVER: teal is pissedlol
(21:11 / Allies) tyton: your a fucking loser
(21:15 / Allies) tyton: prolly have no friends lmao
(21:21 / All) GUARDIAN-EVER: im 26 and have lots of friends
(21:21 / Allies) tyton: and your shit at this game
(21:24 / All) GUARDIAN-EVER: my mom and my sisters
(21:28 / All) GUARDIAN-EVER: my dog and 2 cats
(21:48 / All) GUARDIAN-EVER: teal you dishonored me
(21:50 / All) GUARDIAN-EVER: your liege lord
(22:02 / All) tyton: who the fuck uses the word liege lord
(22:11 / All) tyton: go write the script for the hobbit two you gay lord
(22:19 / All) GUARDIAN-EVER: its already written
(22:35 / All) tyton: your name is guardian ever how gay are u
(22:53 / All) tyton: they call me tyton cause my steel nut sack fits perfect in your moms mouth
(23:03 / Allies) tyton: go do something pink
(23:04 / All) GUARDIAN-EVER: lawl
(23:07 / All) SATAN_NVR_BOW: lame
(23:08 / All) GUARDIAN-EVER: like what
(23:11 / All) GUARDIAN-EVER: im making a difference
(23:15 / All) GUARDIAN-EVER: in the world teal
(23:17 / All) tyton: kill reds base
(23:17 / All) GUARDIAN-EVER: i work at target
(23:21 / All) tyton: LOL
(23:30 / All) tyton: at least u have a sense of humour
(23:31 / All) GUARDIAN-EVER: just got promoted to the cashiers
(23:34 / All) tyton: but your still a faggot
(23:46 / All) tyton: lmao u guys are so lucky u won haha
(23:46 / All) GUARDIAN-EVER: teal you tried to take my expo
(23:48 / All) tyton: blame pink
(23:50 / All) GUARDIAN-EVER: that was an act of war
(23:58 / All) tyton: i didnt i got mad at you for taking it
(24:01 / All) tyton: then you attacked me
(24:07 / All) tyton: u were hurt by me calling you a faggot
(24:12 / All) GUARDIAN-EVER: you "getting mad" was an act of war
(24:13 / All) tyton: guess its hard to stomach
(24:17 / All) GUARDIAN-EVER: you never question your liege lord
(24:31 / All) tyton: dude kill urself
(24:35 / All) tyton: who the fuck says liege lord
(24:46 / All) tyton: gg
(24:50 / All) tyton: cant believe we lost this lolol
(24:53 / All) GUARDIAN-EVER: teal
(25:00 / All) tyton: stfu
(25:00 / All) GUARDIAN-EVER: watch me triumphant over the enemy
(25:08 / All) GUARDIAN-EVER: die purple!!!
(25:10 / All) tyton: with what army
(25:19 / All) tyton: LMFAO
(25:22 / Allies) tyton: you fucking scrub
(25:36 / All) GUARDIAN-EVER: i am still your superior teal
(25:43 / Allies) tyton: no ur not
(25:57 / All) GUARDIAN-EVER: i used to have a level 15 account, clear proof i was pro at this game
(26:04 / All) tyton: LOL
(26:10 / All) tyton: lvl 15 aint shit
(26:18 / All) tyton: stats me i dnt actually car ebout this acct
(26:20 / All) tyton: later
(26:25 / All) GUARDIAN-EVER: aka?
(26:25 / All) tyton: i hope u die of cancer pink:)